 Dungeon Crawl Stone Soup version 0.27.0-1-g7a089689b8 (webtiles) character file.

Game seed: 9384636005793514256

5 thirtiethelement the Skirmisher (level 1, -6/18 HPs)
             Began as a Demonspawn Abyssal Knight on Aug 11, 2021.
             Was an Initiate of Lugonu.
             Mangled by a gnoll (7 damage)
             ... on level 1 of the Dungeon.
             The game lasted 00:02:18 (333 turns).

thirtiethelement the Skirmisher (DsAK)               Turns: 333, Time: 00:02:18

Health: -6/18      AC:  3    Str: 12    XL:     1   Next: 66%
Magic:  2/2        EV: 11    Int: 13    God:    Lugonu [......]
Gold:   44         SH:  0    Dex: 12    Spells: 0/0 levels left

rFire    x . .     SeeInvis .   a - +1 falchion
rCold    + . .     Faith    .   (no shield)
rNeg     . . .     Spirit   .   b - +0 leather armour
rPois    .         Reflect  .   (no helmet)
rElec    .         Harm     .   (no cloak)
rCorr    .         Rampage  .   (no gloves)
Will     .....                  (no boots)
Stlth    +.........             (no amulet)
HPRegen  0.06/turn              f - ring of ice
MPRegen  0.08/turn              (no ring)

@: no status effects
A: no striking features
a: Renounce Religion


You were on level 1 of the Dungeon.
You worshipped Lugonu.
Lugonu was noncommittal.
You visited 1 branch of the dungeon, and saw 1 of its levels.
You visited the Abyss 1 time.

You collected 44 gold pieces.

Inventory:

Hand Weapons
 a - a +1 falchion (weapon)
Armour
 b - a +0 leather armour (worn)
 j - a +0 pair of gloves
Jewellery
 f - a ring of ice (left hand)
Wands
 h - a wand of paralysis (9)
Scrolls
 d - 2 scrolls of teleportation
Potions
 c - a potion of berserk rage {unknown}
 e - a potion of cancellation {unknown}
 g - a potion of resistance {unknown}
Miscellaneous
 i - a phial of floods (inert)


   Skills:
 + Level 3.2 Fighting
 + Level 1.7 Long Blades
 + Level 2.0 Armour
 + Level 0.8 Dodging
 + Level 2.4 Invocations


You couldn't memorise any spells.
You didn't know any spells.
Your spell library contained the following spells:

 Spells                   Type           Power      Damage    Failure   Level
 Foxfire                  Conj/Fire      0%         2x1d4     36%         1
 Conjure Flame            Conj/Fire      0%         6-21      75%         3
 Inner Flame              Hex/Fire       0%         N/A       75%         3


Dungeon Overview and Level Annotations

Branches:
Dungeon (1/15)

Altars:


Message History

The endoplasm quivers.
The hobgoblin closely misses you.
Found a scroll labelled IRUCZOD ONEOP.
You hit the hobgoblin.
The hobgoblin is heavily wounded.
The hobgoblin closely misses you.
You closely miss the hobgoblin.
The hobgoblin is moderately wounded.
The hobgoblin closely misses you.
You riposte.
You closely miss the hobgoblin.
The hobgoblin is moderately wounded.
You hit the hobgoblin.
The hobgoblin is heavily wounded.
The hobgoblin hits you. The hobgoblin barely misses you.
You hit the hobgoblin.
You kill the hobgoblin!
Lugonu accepts your kill. The rat bites you.
You hit the rat.
You kill the rat!
Lugonu accepts your kill.
You slash the endoplasm!
You kill the endoplasm!
Lugonu accepts your kill.
Your Armour skill increases to level 2!
No target in view!
k - a scroll labelled IRUCZOD ONEOP
As you read the scroll labelled IRUCZOD ONEOP, it crumbles to dust.
You hear a loud clanging noise!
It was a scroll of noise.
You hear a shout! x3; You hear an angry hiss.
A gnoll comes into view. It is wielding a +0 flail.
The gnoll shouts!
The gnoll hits you with a +0 flail.
You barely miss the gnoll. The gnoll barely misses you.
You closely miss the gnoll. The gnoll hits you with a +0 flail.
You barely miss the gnoll. The gnoll closely misses you.
You hit the gnoll but do no damage. The gnoll hits you with a +0 flail!
* * * LOW HITPOINT WARNING * * *
The gnoll hits you with a +0 flail!
You die...

....# ###.# ###.#
....#############
##..............#
.....†..........#
................#
................####
................@..#
##...............g.#
...................#
......##.............
......................
....#...................
....## .................
### .........##.....


You could see a gnoll.

Vanquished Creatures
  2 endoplasms (D:1)
  A hobgoblin (D:1)
  A frilled lizard (D:1)
  A rat (D:1)
5 creatures vanquished.

Vanquished Creatures (others)
  4 starspawn tentacles (Abyss:4)
4 creatures vanquished.

Grand Total: 9 creatures vanquished

Notes
Turn   | Place    | Note
-------+----------+-------------------------------------------
     0 | Abyss:1  | thirtiethelement the Demonspawn Abyssal Knight began the
                  | quest for the Orb.
     0 | Abyss:1  | Reached XP level 1. HP: 18/18 MP: 2/2
    28 | Abyss:2  | Found a corrupted altar of Lugonu.
    39 | Abyss:2  | Found a corrupted altar of Lugonu.
    86 | Abyss:3  | Found a stormy altar of Qazlal.
    91 | Abyss:3  | Found a corrupted altar of Lugonu.
   105 | Abyss:3  | Noticed a raiju
   105 | Abyss:3  | Noticed a raiju
   108 | Abyss:3  | Noticed a raiju
   118 | Abyss:3  | Noticed an apocalypse crab
   120 | Abyss:4  | Found a corrupted altar of Lugonu.
   122 | Abyss:4  | Noticed a tentacled starspawn
   132 | Abyss:4  | Noticed a hell hog
   134 | Abyss:4  | Noticed a hell hog
   146 | Abyss:5  | Entered Level 5 of the Abyss
   149 | Abyss:5  | Found a corrupted altar of Lugonu.
   149 | Abyss:5  | Found a corrupted altar of Lugonu.
   149 | Abyss:5  | Noticed a large abomination
   158 | D:1      | Escaped the Abyss
   333 | D:1      | Mangled by a gnoll

Illustrated notes

Levels and vault maps discovered:
D:1:      noname_arrival_rooms_in_the_neighbourhood, layout_basic,
          hellmonk_ecumenical_altar_defaced_shrine, serial_park_tiny_2,
          chequers_avenue

Skill      XL: |  1 |
---------------+----+-----
Armour         | 2 |  2.0
Fighting       | |  3.2
Long Blades    | |  1.7
Dodging        | |  0.8
Invocations    | |  2.4

Action                   || total
-------------------------++-------
Melee: Falchion          ||    16
Invok: Depart the Abyss  ||     1
Evoke: Wand              ||     2
       Phial of floods   ||     1
  Use: Scroll            ||     2
Dodge: Dodged            ||     9
       Rpst.: Falchion   ||     2
